 Dungeon Crawl Stone Soup version 0.21-a0-278-ga722497 (webtiles) character file.

6759 4thArraOfDagon the Cleaver (level 11, 0/84 HPs)
             Began as a Human Wanderer on Sept 20, 2017.
             Was an Elder of Yredelemnul.
             Slain by a troll (5 damage)
             ... on level 11 of the Dungeon on Sept 21, 2017.
             The game lasted 00:39:54 (9405 turns).

4thArraOfDagon the Cleaver (Human Wanderer)         Turns: 9405, Time: 00:39:54

Health: 0/84       AC: 11    Str: 11    XL:     11   Next: 24%
Magic:  20/26      EV: 13    Int: 18    God:    Yredelemnul [****..]
Gold:   412        SH:  0    Dex: 24    Spells: 7/10 levels left

rFire    . . .     SeeInvis .   H - +4 flail of Ysanahis {drain, Dex+7}
rCold    . . .     Gourm    .   (no shield)
rNeg     . . .     Faith    .   l - +0 chain mail
rPois    .         Spirit   .   (no helmet)
rElec    .         Reflect  .   k - +0 cloak
rCorr    .         Harm     .   (no gloves)
MR       +....                  (no boots)
Stlth    ..........             p - amulet of rage
HPRegen  0.24/turn              r - ring of protection from magic
MPRegen  0.20/turn              n - ring of magical power

@: agile
A: deterioration 1
a: Recall Undead Slaves, Injury Mirror, Animate Dead, Drain Life, Renounce
Religion, Evoke Berserk Rage


You were on level 11 of the Dungeon.
You worshipped Yredelemnul.
Yredelemnul was greatly pleased with you.
You were hungry.

You visited 1 branch of the dungeon, and saw 11 of its levels.
You visited the Abyss 1 time.
You also visited: Sewer.

You collected 762 gold pieces.
You spent 350 gold pieces at shops.

Inventory:

Hand Weapons
 b - a +0 shortbow
 d - a -2 trident
 i - a +0 short sword
 s - a +0 trident of distortion
 u - a +1 whip of freezing
 y - a +1 whip of freezing
 H - the +4 flail of Ysanahis (weapon) {drain, Dex+7}
   (You took it off an orc warrior on level 10 of the Dungeon)

   A truly terrible weapon, it drains the life of those it strikes.
   It affects your dexterity (+7).
 Q - a +5 battleaxe
Missiles
 c - 128 arrows
Armour
 k - a +0 cloak (worn)
 l - a +0 chain mail (worn)
 M - a +1 leather armour of poison resistance
Magical Staves
 f - an uncursed staff of death
 x - an uncursed staff of wizardry {!a}
Jewellery
 h - an uncursed ring of flight
 n - a ring of magical power (right hand)
 p - an amulet of rage (around neck)
 r - a ring of protection from magic (left hand)
Wands
 e - a wand of flame (12/48)
 N - a wand of polymorph (14/24)
 R - a wand of random effects (19/48)
Scrolls
 g - 3 scrolls of teleportation
 m - a scroll of enchant armour
 o - 2 scrolls of remove curse
 q - 2 scrolls of amnesia
 v - a scroll of holy word
 w - 2 scrolls of recharging
 B - 2 scrolls of fog
 C - a scroll of magic mapping
 F - a scroll of silence
 J - a scroll of immolation {unknown}
Potions
 t - a potion of brilliance
 z - a potion of berserk rage {unknown}
 A - 2 potions of cancellation
 E - a potion of magic
 G - 3 potions of resistance
 L - 2 potions of mutation
 O - a potion of degeneration
Books
 a - a book of Frost

   Spells                             Type                      Level
   a - Freeze                         Ice                          1
   b - Throw Frost                    Conjuration/Ice              2
   c - Ozocubu's Armour               Charms/Ice                   3
   d - Throw Icicle                   Conjuration/Ice              4
   e - Summon Ice Beast               Ice/Summoning                4
 I - a book of Battle

   Spells                             Type                      Level
   a - Infusion                       Charms                       1
   b - Shroud of Golubria             Charms/Translocation         2
   c - Song of Slaying                Charms                       2
   d - Spectral Weapon                Hexes/Charms                 3
   e - Regeneration                   Charms/Necromancy            3
 P - a book of Cantrips

   Spells                             Type                      Level
   a - Confusing Touch                Hexes                        1
   b - Animate Skeleton               Necromancy                   1
   c - Summon Small Mammal            Summoning                    1
   d - Apportation                    Translocation                1
Comestibles
 j - 3 meat rations
 K - a bread ration


   Skills:
 - Level 7.6 Fighting
 * Level 9.1 Axes
 - Level 1.0 Bows
 - Level 5.0 Armour
 - Level 5.2 Dodging
 - Level 1.0 Stealth
   Level 2.0 Necromancy
   Level 1.0 Ice Magic
 - Level 9.0 Invocations
 - Level 4.3 Evocations


You had 7 spell levels left.
You knew the following spells:

 Your Spells              Type           Power        Failure   Level  Hunger
a - Apportation           Tloc           #.....       100%        1    ##.....
b - Blink                 Tloc           N/A          100%        2    ###....


Dungeon Overview and Level Annotations

Branches:
Dungeon (11/15)
 Temple: D:4-7         Lair: D:8-11         Orc: D:9-12

Altars:
Cheibriados
Gozag
Hepliaklqana
Makhleb
Uskayaw
Xom
Yredelemnul

Shops:
D:6 !

Annotations:
D:6 Prince Ribbit
D:8 4thArraOfDagon's ghost, novice HuWn
D:9 2 transporters


Innate Abilities, Weirdness & Mutations

Your body sometimes deteriorates upon taking damage.


Message History

You draw life from the wolf.
You kill the wolf!
Yredelemnul accepts your kill.
You draw life from the troll.
The troll is lightly wounded.
You draw life from the bullfrog.
The bullfrog is lightly wounded.
You draw life from the wyvern.
The wyvern is lightly wounded.
You feel life flooding into your body.
You are feeling hungry.
The wyvern bites you.
* * * LOW HITPOINT WARNING * * *
The troll bites you!
* * * LOW HITPOINT WARNING * * *
The troll claws you.
* * * LOW HITPOINT WARNING * * *
The troll claws you.
You die...
Your body rises from the dead as a mindless zombie.

...... ............ ......
........... #.=..
........... #....
......?... #...#
#......... #...#
#.........#####...#
#......$........... ..
#.@................
...#####Tl................
..$.......................
.............F.!..........
............###.........(.
............# #..........#
............###Z........##
.......................##
........>.............##


You could see a troll, a wyvern and a bullfrog.

Vanquished Creatures
  A two-headed ogre (D:9)
  An unseen horror (D:10)
  Pikel (D:5)
  A hornet (D:8)
  3 hippogriffs
  A wyvern (D:8)
  2 vampire mosquitoes (D:10)
  A hungry ghost (D:9)
  Duvessa (D:5)
  2 sky beasts
  An ice beast (D:6)
  A black bear (D:6)
  2 orc warriors
  A phantom (D:8)
  A wolf (D:11)
  2 ogres
  A centaur (D:6)
  5 bullfrogs
  Dowan (D:5)
  4 scorpions
  4 killer bees (D:9)
  6 wights
  A howler monkey (D:5)
  A bullfrog zombie (D:10)
  3 crimson imps
  5 orc priests
  7 hounds
  4 jellies
  7 orc wizards
  A bullfrog skeleton (D:4)
  2 centaur skeletons (D:4)
  4 worker ants
  A hound zombie (D:6)
  3 hound skeletons
  A howler monkey skeleton (D:4)
  10 adders
  3 gnolls (D:8)
  2 river rats
  2 oozes
  An adder skeleton (D:5)
  An adder zombie (D:9)
  A worm (D:3)
  A dart slug (D:2)
  8 leopard geckos
  44 orcs
  7 ball pythons
  4 giant cockroaches
  8 goblins
  6 hobgoblins
  3 iguanas
  7 jackals
  5 kobolds
  4 quokkas
  4 bats
  7 frilled lizards
  6 rats
217 creatures vanquished.

Vanquished Creatures (collateral kills)
  A hippogriff (D:11)
  A vampire mosquito (D:10)
  A water moccasin (D:11)
  2 orc warriors (D:9)
  A hornet zombie (D:10)
  A killer bee (D:8)
  4 wights (D:9)
  A hound (D:7)
  3 orc priests
  A killer bee zombie (D:8)
  2 adders
  A shadow imp (D:5)
  4 orcs
23 creatures vanquished.

Vanquished Creatures (others)
  2 hippogriff zombies
  A water moccasin zombie (D:11)
  A bullfrog zombie (D:8)
  2 killer bee zombies
  A hound zombie (D:9)
  A mummy (D:11)
  A scorpion zombie (D:10)
  A frilled lizard (D:5)
  3 orc skeletons (D:9)
  6 orc zombies
  A rat (D:5)
20 creatures vanquished.

Grand Total: 260 creatures vanquished

Notes
Turn   | Place    | Note
-------+----------+-------------------------------------------
     0 | D:1      | 4thArraOfDagon the Human Wanderer began the quest for the Orb.
     0 | D:1      | 4thArraOfDagon set off with: a book of Frost, a +0 shortbow, 32 arrows, a +0 ring mail, a bread ration
     0 | D:1      | Reached XP level 1. HP: 16/16 MP: 1/1
   119 | D:3      | Reached XP level 2. HP: 23/23 MP: 2/2
   222 | D:3      | Reached XP level 3. HP: 14/29 MP: 3/3
   902 | D:3      | Found a basalt altar of Yredelemnul.
   926 | D:3      | Reached XP level 4. HP: 37/37 MP: 5/5
  1087 | D:3      | Reached XP level 5. HP: 5/42 MP: 6/6
  1095 | D:3      | HP: 2/42 [something (2)]
  1197 | D:3      | Found a burning altar of Makhleb.
  1271 | D:3      | Became a worshipper of Yredelemnul the Dark
  1986 | D:2      | Reached skill level 1 in Invocations
  1986 | D:2      | Reached XP level 6. HP: 49/49 MP: 8/8
  2019 | D:2      | Found a shimmering altar of Xom.
  2452 | D:4      | Reached skill level 5 in Fighting
  2517 | D:4      | Reached * piety under Yredelemnul
  2517 | D:4      | Reached XP level 7. HP: 38/56 MP: 9/9
  2947 | D:5      | Entered Level 5 of the Dungeon
  3062 | D:5      | Cast into level 2 of the Abyss (a distortion unwield)
  3134 | D:5      | Escaped the Abyss
  3173 | D:5      | Noticed Duvessa
  3173 | D:5      | Noticed Dowan
  3265 | D:5      | Noticed Prince Ribbit
  3384 | D:5      | Noticed Pikel
  3402 | D:5      | Killed Pikel
  3402 | D:5      | Reached XP level 8. HP: 64/64 MP: 11/11
  3438 | D:5      | Found a glowing drain.
  3449 | Sewer    | Entered a sewer
  3538 | Sewer    | Reached ** piety under Yredelemnul
  3876 | D:5      | Killed Duvessa
  4000 | D:6      | Reached skill level 5 in Invocations
  4039 | D:6      | Identified Melij's Handbook of Ashen Confrontation
  4089 | D:6      | Reached XP level 9. HP: 71/71 MP: 12/12
  4335 | D:6      | Found Huowelyn's Distillery.
  4593 | D:5      | Killed Dowan
  5051 | D:6      | Bought 2 potions of mutation for 160 gold pieces
  5051 | D:6      | Bought a potion of might for 40 gold pieces
  5051 | D:6      | Bought a potion of agility for 40 gold pieces
  5051 | D:6      | Bought a potion of haste for 100 gold pieces
  5051 | D:6      | Bought a potion of degeneration for 10 gold pieces
  5161 | D:6      | Reached skill level 5 in Armour
  5178 | D:6      | Found a hazy altar of Hepliaklqana.
  5242 | D:8      | Noticed a hornet
  5302 | D:8      | Paralysed by a hornet for 3 turns
  5309 | D:8      | Paralysed by a hornet for 2 turns
  5312 | D:8      | Killed a hornet
  5361 | D:8      | Reached skill level 1 in Axes
  5689 | D:8      | Reached *** piety under Yredelemnul
  5825 | D:8      | Reached skill level 5 in Dodging
  5918 | D:8      | Reached XP level 10. HP: 50/79 MP: 15/15
  6136 | D:8      | Noticed 4thArraOfDagon's ghost (novice HuWn)
  6240 | D:7      | Found a hide-covered altar of Uskayaw.
  6553 | D:10     | Entered Level 10 of the Dungeon
  6616 | D:9      | Paralysed by fainting for 11 turns
  7220 | D:9      | Found an opulent altar of Gozag.
  7260 | D:9      | Noticed a two-headed ogre
  7678 | D:9      | Reached **** piety under Yredelemnul
  7678 | D:9      | Reached skill level 5 in Axes
  7936 | D:9      | Found a transporter.
  8006 | D:9      | Killed a two-headed ogre
  8007 | D:9      | Found a snail-covered altar of Cheibriados.
  8199 | D:9      | Learned a level 1 spell: Apportation
  8219 | D:9      | Learned a level 2 spell: Blink
  8233 | D:9      | Found a transporter.
  8872 | D:10     | Received a gift from Yredelemnul (a mummy)
  8878 | D:10     | Killed an unseen horror
  8878 | D:10     | Reached XP level 11. HP: 80/84 MP: 14/17
  8881 | D:10     | Got a dazzling flail {drain}
  8882 | D:10     | Identified the +4 flail of Ysanahis {drain, Dex+7} (You took it off an orc warrior on level 10 of the Dungeon)
  9380 | D:11     | Gained mutation: Your body sometimes deteriorates upon taking damage. [mutagenic meat]
  9405 | D:11     | Slain by a troll

Vault maps used:
D:1:      dpeg_arrival_rooms_b
D:2:      gammafunk_temple_overflow_statue, dk_xom_monty_hall
D:3:      grunt_temple_overflow_open
D:4:      temple_statues, first_bread, kennysheep_another_room
D:5:      portal_sewer_entry_b, uniq_pikel, uniq_duvessa, uniq_prince_ribbit1
D:6:      nicolae_overflow_hidden_temple, serial_shops, nicolae_shop_trees
D:7:      overflow_temple_1_default
D:8:      cheibrodos_elevator_heist
D:9:      gammafunk_cloud_chamber, cheibriados_altar_1, lemuel_round_altar,
          special_room
D:11:     erik_lair_island, serial_shops, kennysheep_mini
Sewer:    sewer_co_cracked_pipes

Skill      XL: |  1  2  3  4  5  6  7  8  9 10 11 |
---------------+----------------------------------+-----
Fighting       | 3 4 5 6 7 |  7.6
Evocations     | 2 3 4 |  4.3
Invocations    | 1 2 4 5 6 8 9 |  9.0
Armour         | 3 4 5 |  5.0
Dodging        | 2 3 5 |  5.2
Axes           | 2 7 9 |  9.1
Bows           | |  1.0
Stealth        | |  1.0
Necromancy     | |  2.0
Ice Magic      | |  1.0

Action                   |  1- 3 |  4- 6 |  7- 9 | 10-12 || total
-------------------------+-------+-------+-------+-------++-------
Melee: Trident           |    74 |   115 |       |       ||   189
       Unarmed           |       |    68 |       |       ||    68
       Whip              |       |    51 |   377 |       ||   428
       Short sword       |       |    20 |       |       ||    20
       Battleaxe         |       |       |   127 |   206 ||   333
       Flail             |       |       |       |    68 ||    68
 Fire: Shortbow          |    65 |       |       |       ||    65
Invok: Animate Remains   |       |       |     3 |       ||     3
       Animate Dead      |       |       |       |    14 ||    14
       Drain Life        |       |       |       |     3 ||     3
 Abil: Evoke Berserk Rag |     1 |     8 |    19 |    11 ||    39
Evoke: Wand              |       |       |       |    12 ||    12
  Use: Scroll            |     3 |     4 |     6 |    11 ||    24
       Potion            |       |     2 |    12 |     5 ||    19
 Stab: Distracted        |       |       |     1 |     2 ||     3
  Eat: Chunk             |       |    12 |    12 |     6 ||    30
       Royal jelly       |       |     1 |       |     3 ||     4
       Bread ration      |       |       |     2 |     3 ||     5
       Fruit             |       |       |     5 |     3 ||     8
       Meat ration       |       |       |     1 |     1 ||     2
Armor: Ring mail         |    14 |       |       |       ||    14
       Chain mail        |    93 |   174 |   324 |   231 ||   822
       Skin              |       |       |    66 |       ||    66
Dodge: Dodged            |    48 |    92 |   181 |   144 ||   465

Table legend:
 A = Spawn XP
 B = Non-spawn XP
 C = Spawn XP percentage of total XP
 D = Spawn monster count
 E = Non-spawn monster count
 F = Spawn count percentage of total count
 G = Total turns spent on level
                    A         B        C        D         E        F      G
               +---------+---------+-------+---------+---------+-------+---------
         Total |       0 |    9657 |   0.0 |       0 |     240 |   0.0 |  9405
               +---------+---------+-------+---------+---------+-------+---------
           D:1 |       0 |      32 |   0.0 |       0 |      17 |   0.0 |   686
           D:2 |       0 |     102 |   0.0 |       0 |      13 |   0.0 |   451
           D:3 |       0 |     208 |   0.0 |       0 |      23 |   0.0 |  1173
           D:4 |       0 |     476 |   0.0 |       0 |      24 |   0.0 |   685
           D:5 |       0 |    1047 |   0.0 |       0 |      18 |   0.0 |   742
           D:6 |       0 |    1083 |   0.0 |       0 |      22 |   0.0 |  1054
           D:7 |       0 |     126 |   0.0 |       0 |       4 |   0.0 |   319
           D:8 |       0 |    1187 |   0.0 |       0 |      22 |   0.0 |  1506
           D:9 |       0 |    2221 |   0.0 |       0 |      49 |   0.0 |  1621
          D:10 |       0 |    2423 |   0.0 |       0 |      28 |   0.0 |   679
          D:11 |       0 |     710 |   0.0 |       0 |       5 |   0.0 |    97
         Sewer |       0 |      42 |   0.0 |       0 |      15 |   0.0 |   320
               +---------+---------+-------+---------+---------+-------+---------
